 Dungeon Crawl Stone Soup version 0.29-a0-483-g69413ace17 (webtiles) character file.

Game seed: 10519767304021209837

30 fingers the Shield-Bearer (level 3, -4/19 HPs)
             Began as a Vine Stalker Fighter on May 25, 2022.
             Slain by a gnoll
             ... wielding a +0 halberd
              (8 damage)
             ... on level 2 of the Dungeon.
             The game lasted 00:03:19 (1097 turns).

fingers the Shield-Bearer (Vine Stalker Fighter)    Turns: 1097, Time: 00:03:20

Health: -4/19      AC:  6    Str: 20    XL:     3   Next: 20%
Magic:  0/4        EV:  9    Int:  8    God:
Gold:   135        SH:  4    Dex: 13    Spells: 2/2 levels left

rFire   . . .      SeeInvis .   f - +2 whip (pain)
rCold   . . .      Faith    .   c - +0 buckler
rNeg    . . .      Spirit   +   b - +0 scale mail
rPois   .          Reflect  .   (no helmet)
rElec   .          Harm     .   (no cloak)
rCorr   .          Rampage  .   (no gloves)
Will    .....                   (no boots)
Stlth   ..........              (no amulet)
HPRegen 0.06/turn               (no ring)
MPRegen 0.09/turn               (no ring)

@: no status effects
A: fangs 2, magic shield, antimagic bite, no potion heal 2
a: no special abilities


You were on level 2 of the Dungeon.
You visited 1 branch of the dungeon, and saw 2 of its levels.

You collected 135 gold pieces.

Inventory:

Hand Weapons
 a - a +0 rapier
 f - a +2 whip of pain (weapon)
Armour
 b - a +0 scale mail (worn)
 c - a +0 buckler (worn)
Scrolls
 e - 2 scrolls of teleportation {unknown}
 g - a scroll of vulnerability {unknown}
 h - a scroll of identify {unknown}
 i - a scroll of brand weapon {unknown}
Potions
 d - 2 potions of might


   Skills:
 + Level 2.9 Fighting
 + Level 1.8 Short Blades
 + Level 0.2 Maces & Flails
 + Level 2.8 Armour
 + Level 0.9 Dodging
 + Level 2.9 Shields


You had 2 spell levels left.
You didn't know any spells.
Your spell library was empty.

Dungeon Overview and Level Annotations

Branches:
Dungeon (2/15)

Altars:

Shops:
D:1 :


Innate Abilities, Weirdness & Mutations

You have extremely sharp teeth.
When hurt, damage is shared between your health and your magic reserves.
Your bite disrupts and absorbs the magic of your enemies.
Potions cannot restore your health.


Message History

The hobgoblin shouts!
Found a stone staircase leading down and a stone staircase leading up.
There is an open door here.
The hobgoblin barely misses you. The hobgoblin attacks as you move away!
The hobgoblin hits you but does no damage.
You block the hobgoblin's attack. The hobgoblin closely misses you.
You hit the hobgoblin.
You kill the hobgoblin!
You see here a hobgoblin corpse.
You open the door.
There is an open door here.
A ball python comes into view.
Found a scroll labelled RUOBBUINLIRGH.
The ball python closely misses you. The ball python barely misses you.
You whack the ball python!
You kill the ball python!
i - a scroll labelled RUOBBUINLIRGH A gnoll comes into view.
It is wielding a +0 halberd.
The gnoll closely misses you.
A gnoll comes into view. It is wielding a +0 spear.
The gnoll shouts!
The gnoll closely misses you.
A gnoll comes into view. It is wielding a +0 flail.
You completely miss the gnoll.
The gnoll shouts!
Your bite misses the gnoll. The gnoll closely misses you.
You hit the gnoll. Your bite misses the gnoll.
The gnoll is moderately wounded.
The gnoll misses you.
You hit the gnoll.
The gnoll is heavily wounded.
The gnoll hits you with a +0 halberd!
Ouch! That really hurt!
The gnoll hits you from afar with a +0 spear.
* * * LOW HITPOINT WARNING * * *
The gnoll attacks as you move away! You block the gnoll's attack.
The gnoll hits you from afar with a +0 halberd!
You die...

### ##### #..
...# #.# #..#
#.# #..#
#.#####.@##
#.##......#
#.##.##.g.##
#.........gg....
#.##.##.########
#.......# ##+##
###.#####
##...## #.####
##.....##
#.##.##
##.......## #


You could see 2 gnolls.

Vanquished Creatures
  An adder (D:2)
  2 endoplasms (D:1)
  A giant cockroach (D:1)
  2 goblins (D:1)
  5 hobgoblins
  A quokka (D:1)
  4 ball pythons
  2 bats (D:1)
  A kobold (D:1)
19 creatures vanquished.

Notes
Turn   | Place    | Note
-------+----------+-------------------------------------------
     0 | D:1      | fingers the Vine Stalker Fighter began the quest for the
                  | Orb.
     0 | D:1      | Reached XP level 1. HP: 11/11 MP: 2/2
   108 | D:1      | Found Musideni's Book Boutique.
   212 | D:1      | Reached XP level 2. HP: 16/16 MP: 3/3
   961 | D:2      | Reached XP level 3. HP: 19/19 MP: 4/4
  1097 | D:2      | Slain by a gnoll

Illustrated notes

Levels and vault maps discovered:
D:1:      psy_arrival_statuary, layout_loops_ring, serial_shops, shop_statue,
          kennysheep_pointless_box
D:2:      layout_loops_corners, basic_altar

Action                   || total
-------------------------++-------
Melee: Whip              ||    45
       Bite              ||     7
Armor: Scale mail        ||    16
Dodge: Dodged            ||    27
Block: Buckler           ||     9

Table legend: (Time is in decaauts)
 A = Elapsed time spent in this place.
 B = Non-inter-level travel time spent in this place.
 C = Inter-level travel time spent in this place.
 D = Time resting spent in this place.
 E = Time spent auto-exploring this place.
 F = Levels seen in this place.
 G = Mean time per level.
                   A        B        C        D        E       F      G
               +--------+--------+--------+--------+--------+-----+--------+
         Total |   1102 |   1082 |     20 |      0 |    581 |   2 |  551.0 |
       Dungeon |   1102 |   1082 |     20 |      0 |    581 |   2 |  551.0 |
               +--------+--------+--------+--------+--------+-----+--------+

Top non-repeatable levels by time:
     D:1: 887 daAuts
     D:2: 215 daAuts
